 Dungeon Crawl Stone Soup version 0.27.1-3-gb3d3a73c9e (webtiles) character file.

Game seed: 8413821052125562344

10 vatarom the Caller (level 2, -3/20 HPs)
             Began as a Merfolk Summoner on Oct 13, 2021.
             Slain by a hobgoblin (7 damage)
             ... on level 1 of the Dungeon on Oct 15, 2021.
             The game lasted 00:02:15 (840 turns).

vatarom the Caller (Merfolk Summoner)                Turns: 840, Time: 00:02:15

Health: -3/20      AC:  2    Str:  8    XL:     2   Next: 20%
Magic:  1/5        EV: 13    Int: 14    God:
Gold:   18         SH:  0    Dex: 14    Spells: 4/5 levels left

rFire    . . .     SeeInvis .   e - +0 short sword
rCold    . . .     Faith    .   (no shield)
rNeg     . . .     Spirit   .   a - +0 robe
rPois    .         Reflect  .   (no helmet)
rElec    .         Harm     .   (no cloak)
rCorr    .         Rampage  .   (no gloves)
Will     .....                  (no boots)
Stlth    ++........             (no amulet)
HPRegen  0.06/turn              (no ring)
MPRegen  0.09/turn              (no ring)

@: very slightly contaminated
A: (nimble swimmer 2), mertail
a: no special abilities


You were on level 1 of the Dungeon.
You visited 1 branch of the dungeon, and saw 1 of its levels.

You collected 18 gold pieces.

Inventory:

Hand Weapons
 e - a +0 short sword (weapon)
Armour
 a - a +0 robe (worn)
Scrolls
 b - a scroll of magic mapping {unknown}
 c - a scroll of enchant weapon {unknown}


   Skills:
 * Level 0.5 Fighting
 - Level 2.9 Dodging
 - Level 2.3 Stealth
 + Level 2.1 Spellcasting
 * Level 4.1 Summonings


You had 4 spell levels left.
You knew the following spells:

 Your Spells              Type           Power      Damage    Failure   Level
a - Summon Small Mammal   Summ           52%        N/A       4%          1

Your spell library contained the following spells:

 Spells                   Type           Power      Damage    Failure   Level
 Call Imp                 Summ           13%        N/A       6%          2
 Call Canine Familiar     Summ           13%        N/A       13%         3
 Summon Guardian Golem    Hex/Summ       7%         N/A       30%         3
 Summon Lightning Spire   Summ/Air       7%         N/A       69%         4


Dungeon Overview and Level Annotations

Branches:
Dungeon (1/15)

Altars:


Innate Abilities, Weirdness & Mutations

((You are quick and stealthy near water. (Stealth+, EV+, Speed+++)))
Your lower body shifts to a powerful aquatic tail in water.


Message History

The rat dies!
You start resting.
Your quokka disappears in a puff of smoke!
Magic restored.
A hobgoblin is nearby!
A hobgoblin is nearby!
A hobgoblin is nearby!
The hobgoblin shouts!
Casting: Summon Small Mammal (safe; 4% risk of failure)
Confirm with . or Enter, or press ? or * to list all spells.
The hobgoblin drinks a potion.
The hobgoblin seems to speed up.
Casting: Summon Small Mammal (safe; 4% risk of failure)
Confirm with . or Enter, or press ? or * to list all spells.
You swap places.
Your rat barely misses the hobgoblin.
The hobgoblin misses your rat.
Casting: Summon Small Mammal (safe; 4% risk of failure)
Confirm with . or Enter, or press ? or * to list all spells.
The hobgoblin hits your rat with a +0 hand axe!
Your rat dies!
Your rat's corpse disappears in a puff of smoke!
The hobgoblin hits your quokka with a +0 hand axe!
Your quokka dies!
Your quokka's corpse disappears in a puff of smoke!
The hobgoblin hits you with a +0 hand axe.
The hobgoblin hits your quokka but does no damage.
Your quokka barely misses the hobgoblin.
The hobgoblin barely misses you.
The hobgoblin hits your quokka with a +0 hand axe!
Your quokka dies!
Your quokka's corpse disappears in a puff of smoke!
The hobgoblin barely misses you.
The hobgoblin hits you with a +0 hand axe.
* * * LOW HITPOINT WARNING * * *
Casting: Summon Small Mammal (safe; 4% risk of failure)
Confirm with . or Enter, or press ? or * to list all spells.
You miscast Summon Small Mammal.
You are very lightly contaminated with residual magic.
Nothing appears to happen.
The hobgoblin hits you with a +0 hand axe!
You die...

#.#≈.P.....♣.≈#.#...### .
#.#≈≈≈≈♣≈♣≈≈≈≈#.#.### .
#.######.######.#.§.### .
#........##.....##.h..### .
#######..##.######h....^###r
##.##.########....§...
#.##...††.......§§.##
#..#g#######.#.###?# ##.#@#
#.§.. ..# ######...#
####.#### #........# .#
#...)....# .# #.......>....
.# #........###. #........#
#........# ########.#


You could see a hobgoblin (fast).

Vanquished Creatures
  A giant cockroach (D:1)
  A jackal (D:1)
2 creatures vanquished.

Vanquished Creatures (collateral kills)
  A giant cockroach (D:1)
  A goblin (D:1)
  A hobgoblin (D:1)
  2 jackals (D:1)
  2 kobolds (D:1)
  A bat (D:1)
  A frilled lizard (D:1)
  2 rats (D:1)
11 creatures vanquished.

Vanquished Creatures (others)
  5 toadstools (D:1)
5 creatures vanquished.

Grand Total: 18 creatures vanquished

Notes
Turn   | Place    | Note
-------+----------+-------------------------------------------
     0 | D:1      | vatarom the Merfolk Summoner began the quest for the Orb.
     0 | D:1      | Reached XP level 1. HP: 13/13 MP: 3/3
   726 | D:1      | Reached XP level 2. HP: 8/19 MP: 1/5
   840 | D:1      | Slain by a hobgoblin

Illustrated notes

Levels and vault maps discovered:
D:1:      ldierk_walled_garden, layout_basic,
          shapermc_ecumenical_altar_flowoftime, minmay_unequal

Action                   || total
-------------------------++-------
Melee: Unarmed           ||    18
       Short sword       ||     6
 Cast: Summon Small Mamm ||    19
Armor: Robe              ||     9
Dodge: Dodged            ||    26
